 Dungeon Sprint DCSS version 0.21.2 (webtiles) character file.

1200000 Fang the Executioner (level 14, -11/119 HPs)
             Began as a Demonspawn Gladiator on Oct 9, 2018.
             Was a Follower of Makhleb.
             Mangled by a meat berserker
             ... wielding a +9 battleaxe
              (27 damage)
             ... in the Dungeon (Sprint VIII: "Arena of Blood").
             The game lasted 00:00:17 (12 turns).

Fang the Executioner (Demonspawn Gladiator)           Turns: 12, Time: 00:00:17

Health: -11/119    AC:  6    Str: 18    XL:     14   Next: 29%
Magic:  14/14      EV: 27    Int: 11    God:    Makhleb [*.....]
Gold:   0          SH:  0    Dex: 15    Spells: 13/13 levels left

rFire    . . .     SeeInvis .   l - +∞ Axe of Woe
rCold    . . .     Gourm    .   (shield currently unavailable)
rNeg     . . .     Faith    .   b - +0 leather armour
rPois    .         Spirit   .   (helmet restricted)
rElec    .         Reflect  .   (no cloak)
rCorr    .         Harm     .   (no gloves)
MR       +....     NoTele   +   (no boots)
Stlth    ++........             (no amulet)
HPRegen  0.29/turn              (no ring)
MPRegen  0.14/turn              (no ring)

@: no status effects
A: antennae 2, icy blue scales 2, foul stench 1, nightstalker 1, rot immunity
a: Renounce Religion


You were in the Dungeon.
You worshipped Makhleb.
Makhleb was aware of your devotion.
You were not hungry.

You visited 1 branch

Inventory:

Hand Weapons
 a - a +0 war axe
 l - the +∞ Axe of Woe (weapon)
   (You found it in the Dungeon)
Missiles
 d - 3 throwing nets (quivered)
Armour
 b - a +0 leather armour (worn)
 c - a +0 helmet
Scrolls
 k - a scroll of blinking
Potions
 e - a potion of curing
 g - a potion of heal wounds
 h - a potion of haste
 i - 2 potions of magic
 j - a potion of berserk rage
Comestibles
 f - a ration


   Skills:
 + Level 13.7 Fighting
 + Level 22.0 Axes
 + Level 12.2 Throwing
 + Level 21.4 Dodging


You had 13 spell levels left.
You didn't know any spells.

Dungeon Overview and Level Annotations

Branches:
Dungeon (1/1)

Altars:
Makhleb


Innate Abilities, Weirdness & Mutations

You have a pair of antennae on your head.
You are mostly covered in icy blue scales. (AC +3)
You may emit foul miasma when damaged in melee.
You are slightly more attuned to the shadows.
You are immune to rotting.


Message History

Your Axes skill gained 4 levels and is now at level 20!
Your Throwing skill gained 2 levels and is now at level 11!
Your Dodging skill gained 4 levels and is now at level 20!
You have reached level 12!
Your experience leads to an increase in your attributes!
Increase (S)trength, (I)ntelligence, or (D)exterity?
You feel stronger.
You feel agile.
Your demonic ancestry asserts itself...
Icy blue scales spread over more of your body.
You have reached level 13!
You slash the bag of meat!
You fatally mangle the bag of meat.
You kill the bag of meat!
Makhleb accepts your kill.
Your Fighting skill increases to level 13!
Your Axes skill gained 2 levels and is now at level 22!
Your Throwing skill increases to level 12!
Your Dodging skill increases to level 21!
You have reached level 14!
You hear a shout! x5
The meat berserker hits you with a +9 battleaxe!!
You die...

........
.........
#.......# .
#.......# ..
..###...
...###...
......###........
......_.@O......
.#...).#.....
#_.<._# ....
#....O# ...
......_.o......
......###...{...
..###... ...###..
. #... ...# O
#... ...#


You could see 2 meat berserkers and a bag of meat.

Vanquished Creatures
  An ogre (D)
  2 orcs (D)
3 creatures vanquished.

Notes
Turn   | Place    | Note
-------+----------+-------------------------------------------
     0 | D        | Found the +∞ Axe of Woe
     0 | D        | Fang the Demonspawn Gladiator began the quest for the Orb.
     0 | D        | Reached XP level 1. HP: 16/16 MP: 1/1
     4 | D        | Became a worshipper of Makhleb the Destroyer
     6 | D        | Noticed a bag of meat
     7 | D        | Noticed a bag of meat
     7 | D        | Noticed a meat berserker
     8 | D        | Noticed a meat berserker
     9 | D        | Noticed a meat berserker
    10 | D        | Killed a bag of meat
    10 | D        | Reached skill level 10 in Fighting
    10 | D        | Reached skill level 16 in Axes
    10 | D        | Gained mutation: You are slightly more attuned to the shadows. [demonic ancestry]
    10 | D        | Reached XP level 2. HP: 36/36 MP: 2/2
    10 | D        | Gained mutation: You have a pair of small antennae on your head. [demonic ancestry]
    10 | D        | Reached XP level 3. HP: 42/42 MP: 3/3
    10 | D        | Gained mutation: You are immune to rotting. [demonic ancestry]
    10 | D        | Reached XP level 4. HP: 48/48 MP: 4/4
    10 | D        | Reached XP level 5. HP: 54/54 MP: 5/5
    10 | D        | Reached XP level 6. HP: 61/61 MP: 6/6
    10 | D        | Gained mutation: You have a pair of antennae on your head. [demonic ancestry]
    10 | D        | Reached XP level 7. HP: 67/67 MP: 7/7
    10 | D        | Gained mutation: You are partially covered in icy blue scales. (AC +2) [demonic ancestry]
    10 | D        | Reached XP level 8. HP: 73/73 MP: 8/8
    10 | D        | Reached XP level 9. HP: 79/79 MP: 9/9
    10 | D        | Gained mutation: You may emit foul miasma when damaged in melee. [demonic ancestry]
    10 | D        | Reached XP level 10. HP: 86/86 MP: 10/10
    10 | D        | Reached XP level 11. HP: 92/92 MP: 11/11
    10 | D        | Noticed a bag of meat
    11 | D        | Killed a meat berserker
    11 | D        | Reached * piety under Makhleb
    11 | D        | Reached skill level 20 in Axes
    11 | D        | Gained mutation: You are mostly covered in icy blue scales. (AC +3) [demonic ancestry]
    11 | D        | Reached XP level 12. HP: 13/103 MP: 12/12
    11 | D        | Reached XP level 13. HP: 14/109 MP: 13/13
    11 | D        | Killed a bag of meat
    11 | D        | Reached skill level 22 in Axes
    11 | D        | Reached XP level 14. HP: 16/119 MP: 14/14
    12 | D        | Mangled by a meat berserker

Skill      XL: |  1  2  3  4  5  6  7  8  9 10 11 12 13 |
---------------+----------------------------------------+-----
Fighting       | 10 12 13 | 13.7
Axes           | 16 20 22 | 22.0
Throwing       | 9 11 12 | 12.2
Dodging        | 16 20 21 | 21.4

Action                   |  1- 3 |  4- 6 |  7- 9 | 10-12 | 13-15 || total
-------------------------+-------+-------+-------+-------+-------++-------
Melee: Executioner's axe |     1 |       |       |     1 |       ||     2
